Map: Heavy Artillery LE

Players

Rain - Winner!

  • Race: Terran Terran
  • Spawn Location: 7:00

Valldemar - Winner!

  • Race: Protoss Protoss
  • Spawn Location: 7:00

Massa

  • Race: Terran Terran
  • League: Platinum
  • Spawn Location: 3:00

qqq

  • Race: Protoss Protoss
  • Spawn Location: 1:00

VOD

Have the link to the VOD?

Description

Time

  • Played on: Nov. 1, 2020, 5:41 p.m.
  • Length: 15:58
Show
View Real Time Build Order
Export as new Build Order

Rain Terran - Winner!

Build Orders: 2 Factory, Mech 

Get SALT Encoding   

  12  0:00  SCV  
  13  0:16  Supply Depot  
  13  0:18  SCV  
  14  0:30  SCV  
  15  0:40  Barracks  
  15  0:43  SCV  
  15  0:47  Supply Depot  
  16  0:57  SCV  
  16  1:01  Refinery  
  17  1:09  SCV  
  18  1:24  Refinery  
  19  1:29  Marine  
  19  1:33  Orbital Command  
  19  1:47  Marine  
  20  2:01  Factory  
  20  2:02  SCV  
  20  2:07  Marine  
  22  2:14  SCV  
  23  2:26  SCV  
  24  2:32  Command Center  
  24  2:37  Marine  
  24  2:39  SCV  
  26  2:45  Factory Tech Lab  
  26  2:48  Factory  
  26  2:57  Marine  
  27  3:01  SCV  
  28  3:07  Siege Tank  
  31  3:18  Supply Depot  
  31  3:27  Engineering Bay  
  31  3:32  Supply Depot  
  31  3:34  Factory Reactor  
  31  3:40  SCV, Marine  
  33  3:52  SCV  
  33  3:55  Cyclone  
  37  4:03  Missile Turret  
  37  4:04  SCV  
  37  4:07  Marine  
  39  4:12  Hellion  
  39  4:16  SCV  
  42  4:27  Bunker  
  42  4:38  Orbital Command  
  42  4:40  SCV  
  42  4:43  Widow Mine x2  
  47  4:52  SCV  
  48  5:02  Factory  
  48  5:04  SCV  
  48  5:06  Missile Turret  
  49  5:16  SCV  
  49  5:19  SCV  
  51  5:24  Missile Turret  
  51  5:28  SCV  
  51  5:31  SCV  
  51  5:40  SCV  
  52  5:44  SCV  
  52  5:46  Factory Tech Lab  
  52  5:47  Siege Tank  
  56  5:52  SCV  
  56  5:55  Armory  
  56  5:56  SCV  
  56  5:57  Supply Depot  
  58  6:04  SCV, Missile Turret  
  59  6:16  Refinery  
  59  6:17  Refinery  
  59  6:18  Command Center  
  59  6:19  Supply Depot, Siege Tank  
  62  6:28  SCV  
  62  6:29  SCV, Factory  
  64  6:40  SCV  
  64  6:41  SCV  
  66  7:00  Thor  
  71  7:02  Widow Mine  
  71  7:03  Widow Mine  
  75  7:18  SCV  
  75  7:19  SCV  
  77  7:31  SCV x2, Planetary Fortress  
  79  7:39  Factory Tech Lab  
  79  7:43  SCV x2  
  81  7:51  Factory  
  81  7:55  SCV x2  
  81  7:57  Missile Turret  
  77  8:07  SCV x2, Thor x2  
  91  8:13  SCV  
  91  8:15  Refinery  
  91  8:19  SCV  
  93  8:21  Refinery  
  93  8:26  Supply Depot  
  93  8:28  Supply Depot  
  93  8:32  SCV x3  
  96  8:34  Command Center  
  96  8:35  Supply Depot  
  96  8:36  Terran Vehicle And Ship Armor Level 1  
  96  8:37  Supply Depot  
  96  8:39  Supply Depot  
  96  8:40  Armory  
  96  8:44  SCV x2  
  96  8:45  SCV, Missile Turret  
  99  8:49  Missile Turret  
  99  8:50  Supply Depot  
  99  8:52  Factory Tech Lab, Supply Depot  
  99  8:53  Thor  
  99  8:54  Widow Mine x3  
  111  8:57  SCV x3  
  114  9:09  SCV  
  115  9:10  Thor  
  115  9:13  Smart Servos  
  121  9:19  Drilling Claws  
  119  9:49  Refinery, Thor  
  119  9:50  Thor x2  
  119  9:51  Widow Mine  
  139  10:07  Planetary Fortress, Missile Turret  
  139  10:09  SCV x3, Missile Turret  
  139  10:10  Missile Turret  
  139  10:11  Command Center  
  139  10:13  Terran Vehicle Weapons Level 1  
  142  10:15  Refinery  
  142  10:17  Supply Depot  
  142  10:18  Supply Depot  
  142  10:21  SCV x2  
  144  10:32  Thor x2  
  144  10:33  Widow Mine  
  158  10:41  Supply Depot  
  158  10:42  Supply Depot  
  158  10:49  Siege Tank x2  
  164  11:15  Siege Tank x2  
  170  11:19  Terran Vehicle And Ship Armor Level 2  
  170  11:21  Siege Tank  
  173  11:28  Factory  
  173  11:29  Factory  
  173  11:30  Command Center  
  173  11:32  Sensor Tower  
  173  11:57  Orbital Command  
  173  12:09  Terran Vehicle Weapons Level 2  
  173  12:14  Factory Tech Lab, Factory Reactor, Thor x3  
  173  12:15  Thor  
  191  13:03  Thor x3  
  126  13:35  Siege Tank x2  
  129  13:46  Siege Tank x2  
  131  13:50  Thor  
  131  13:52  Widow Mine  
  131  13:53  Widow Mine  
  141  13:58  Orbital Command  
  141  14:01  Refinery  
  141  14:06  Thor  
  141  14:07  Thor  
  153  14:18  Siege Tank  
  153  14:19  Siege Tank  
  159  14:28  Refinery  
  159  14:33  Siege Tank  
  162  14:49  Thor x2  
  162  14:51  Siege Tank  
  174  14:59  Thor  
  180  15:01  Widow Mine  
  180  15:05  Thor  
Show
View Real Time Build Order
Export as new Build Order

Valldemar Protoss - Winner!

Build Orders: Nexus First, Phoenix Opening, Mass Phoenix 

Get SALT Encoding   

  12  0:00  Probe  
  13  0:12  Probe  
  14  0:24  Probe  
  15  0:30  Pylon  
  15  0:48  Probe  
  16  1:03  Nexus  
  16  1:08  Probe (Chrono Boost)  
  16  1:10  Gateway  
  17  1:20  Probe (Chrono Boost)  
  17  1:21  Assimilator  
  17  1:24  Assimilator  
  18  1:27  Probe (Chrono Boost)  
  19  1:35  Probe (Chrono Boost)  
  21  1:47  Probe (Chrono Boost)  
  21  1:56  Probe (Chrono Boost)  
  21  1:59  Cybernetics Core  
  22  2:01  Probe  
  22  2:04  Pylon  
  24  2:15  Probe (Chrono Boost)  
  24  2:24  Probe (Chrono Boost)  
  26  2:32  Probe (Chrono Boost)  
  26  2:33  Probe (Chrono Boost), Pylon  
  27  2:37  Warp Gate  
  27  2:38  Probe x2 (Chrono Boost)  
  29  2:45  Sentry  
  29  2:51  Probe (Chrono Boost)  
  32  3:00  Stargate  
  32  3:01  Probe (Chrono Boost)  
  32  3:02  Probe (Chrono Boost), Assimilator  
  33  3:06  Probe (Chrono Boost)  
  33  3:08  Probe  
  33  3:11  Adept  
  37  3:17  Probe  
  38  3:20  Probe  
  38  3:23  Phoenix  
  38  3:25  Stargate  
  39  3:29  Probe  
  39  3:32  Probe  
  41  3:36  Shield Battery  
  41  3:41  Probe, Pylon  
  41  3:43  Phoenix  
  41  3:45  Probe  
  45  3:53  Probe  
  46  3:57  Probe  
  47  4:05  Probe  
  47  4:08  Phoenix x2  
  52  4:12  Pylon  
  52  4:13  Assimilator  
  52  4:14  Probe  
  53  4:17  Probe  
  54  4:26  Probe  
  54  4:29  Probe  
  56  4:34  Protoss Air Weapons Level 1 (Chrono Boost)  
  56  4:37  Forge  
  58  4:40  Phoenix (Chrono Boost)  
  58  4:42  Probe, Phoenix (Chrono Boost)  
  61  4:54  Probe  
  61  4:58  Phoenix (Chrono Boost)  
  61  4:59  Phoenix (Chrono Boost)  
  66  5:10  Forge  
  66  5:16  Fleet Beacon  
  66  5:22  Phoenix  
  66  5:25  Nexus  
  66  5:27  Pylon  
  68  5:50  Phoenix x2  
  68  5:56  Photon Cannon  
  72  6:11  Photon Cannon  
  72  6:15  Phoenix x2  
  72  6:18  Pylon  
  76  6:23  Shield Battery  
  76  6:26  Probe x2  
  76  6:27  Photon Cannon, Anion Pulse-Crystals (Chrono Boost)  
  76  6:31  Pylon  
  78  6:38  Probe x2, Assimilator  
  80  6:40  Pylon, Assimilator  
  80  6:41  Pylon  
  80  6:45  Twilight Council  
  80  6:46  Pylon  
  76  6:54  Phoenix x2  
  64  7:34  Phoenix x2  
  66  7:45  Probe (Chrono Boost)  
  66  7:50  Stargate  
  66  7:51  Stargate, Protoss Air Weapons Level 2 (Chrono Boost)  
  69  7:55  Probe x3 (Chrono Boost)  
  70  8:00  Probe (Chrono Boost)  
  70  8:01  Probe x2  
  71  8:07  Phoenix (Chrono Boost)  
  71  8:08  Phoenix (Chrono Boost)  
  71  8:11  Probe  
  76  8:13  Probe x2  
  76  8:17  Charge (Chrono Boost)  
  78  8:23  Probe  
  78  8:24  Phoenix x2 (Chrono Boost)  
  83  8:32  Shield Battery  
  83  8:34  Shield Battery  
  83  8:36  Probe, Photon Cannon, Phoenix  
  83  8:39  Phoenix  
  88  8:43  Cybernetics Core  
  88  8:46  Gateway  
  88  8:48  Probe, Gateway, Phoenix x2  
  93  8:50  Gateway  
  93  8:56  Pylon  
  93  8:58  Gateway  
  93  8:59  Gateway  
  93  9:01  Phoenix  
  95  9:04  Phoenix  
  97  9:13  Phoenix x2  
  101  9:26  Phoenix  
  101  9:29  Phoenix  
  105  9:38  Phoenix x2  
  109  9:39  Assimilator  
  109  9:41  Nexus, Assimilator  
  109  9:50  Protoss Ground Weapons Level 1 (Chrono Boost)  
  109  9:58  Pylon  
  109  10:02  Gateway  
  109  10:03  Phoenix x2  
  109  10:06  Protoss Air Armor Level 1  
  113  10:12  Pylon  
  113  10:15  Gateway, Pylon  
  113  10:20  Gateway  
  113  10:22  Gateway  
  113  10:25  Gateway  
  113  10:29  Pylon  
  113  10:34  Pylon  
  91  11:19  Unknown  
  91  11:21  Phoenix x4  
  95  11:28  Gateway  
  95  11:31  Gateway  
  95  11:39  Probe (Chrono Boost)  
  96  11:41  Templar Archives  
  96  11:42  Shield Battery  
  96  11:45  Shield Battery  
  96  11:46  Phoenix x2  
  100  11:47  Shield Battery  
  100  11:49  Probe (Chrono Boost), Photon Cannon  
  100  11:51  Photon Cannon  
  100  11:53  Photon Cannon  
  100  11:54  Probe (Chrono Boost)  
  101  11:56  Gateway, Robotics Facility  
  101  11:58  Photon Cannon  
  102  12:01  Photon Cannon  
  102  12:02  Stargate  
  102  12:04  Phoenix x2  
  102  12:05  Probe, Stargate  
  107  12:10  Phoenix  
  109  12:17  Probe  
  109  12:21  Phoenix  
  112  12:24  Psionic Storm  
  112  12:29  Phoenix  
  114  12:38  Protoss Air Armor Level 2 (Chrono Boost)  
  114  12:41  Phoenix x2  
  118  12:45  Phoenix  
  106  13:46  Phoenix  
  106  13:47  Phoenix x5  
  118  14:03  Gateway  
  118  14:08  Observer  
  119  14:11  Phoenix x2  
  119  14:12  Phoenix x4  
  131  14:29  Observer  
  118  14:52  Phoenix x4  
  124  14:53  Phoenix x2  
  130  15:17  Phoenix  
  132  15:24  Phoenix x5  
Show
View Real Time Build Order
Export as new Build Order

Massa Terran 

Build Orders: Gas First Reaper Expand 

Get SALT Encoding   

  12  0:00  SCV  
  13  0:12  SCV  
  14  0:24  SCV  
  14  0:25  Supply Depot  
  15  0:31  Refinery  
  15  0:46  SCV  
  15  0:47  Barracks  
  16  0:59  SCV  
  17  1:11  SCV  
  18  1:23  SCV  
  19  1:34  Reaper  
  19  1:38  Command Center  
  20  1:41  SCV  
  21  1:53  Orbital Command  
  21  2:06  Marine  
  22  2:19  SCV  
  23  2:28  Barracks Reactor  
  23  2:33  Command Center  
  23  2:49  Supply Depot  
  23  2:50  SCV  
  24  2:55  Orbital Command  
  24  3:02  SCV  
  25  3:11  Factory  
  25  3:12  Engineering Bay  
  25  3:14  SCV  
  25  3:16  Barracks  
  26  3:20  SCV  
  26  3:23  Marine  
  26  3:24  Marine  
  26  3:26  SCV  
  30  3:32  SCV  
  31  3:38  SCV  
  32  3:42  Missile Turret  
  32  3:45  SCV  
  32  3:46  Missile Turret  
  32  3:47  Orbital Command  
  33  3:51  Missile Turret  
  33  4:01  Marine  
  33  4:02  Marine  
  34  4:03  Factory Tech Lab  
  34  4:05  Barracks Tech Lab  
  34  4:14  Starport  
  34  4:19  Marine x2  
  36  4:35  Siege Tank  
  36  4:37  Marine x2, Stimpack  
  41  4:39  Marauder  
  43  4:55  Marine x2  
  43  4:57  Refinery  
  43  4:58  Refinery  
  45  5:00  Refinery  
  45  5:01  Marauder  
  45  5:04  Barracks  
  48  5:07  SCV x3  
  48  5:10  Barracks  
  48  5:12  Barracks  
  50  5:19  SCV x2  
  54  5:31  Liberator  
  55  5:48  Missile Turret  
  55  6:09  Missile Turret  
  54  6:14  Barracks Reactor x2  
  54  6:15  Barracks Tech Lab  
  54  6:26  Supply Depot  
  54  6:27  Supply Depot  
  54  6:28  Supply Depot  
  54  6:29  Supply Depot  
  54  6:30  Supply Depot  
  54  6:31  Supply Depot x3  
  54  6:37  Orbital Command  
  54  6:49  Marauder  
  54  6:51  Marine x2  
  58  6:54  Marine x3, Supply Depot  
  58  6:56  Siege Tank  
  64  7:02  SCV  
  65  7:09  Marine x2  
  65  7:11  Marauder  
  65  7:12  Marine x3  
  65  7:15  SCV  
  68  7:27  SCV, Marine  
  68  7:28  Siege Tank  
  70  7:32  Marauder  
  70  7:34  Marine  
  70  7:35  Marine x3  
  75  7:39  SCV  
  76  7:45  Marine  
  76  7:51  SCV  
  78  7:52  Marine  
  78  7:53  Marauder, Marine x3  
  84  8:02  Marine  
  84  8:03  SCV  
  86  8:10  Marine  
  86  8:11  Marine x3  
  90  8:14  Marine  
  90  8:15  SCV  
  90  8:19  Missile Turret  
  92  8:20  Marine, Missile Turret  
  92  8:22  Missile Turret  
  92  8:23  Terran Infantry Weapons Level 1, Missile Turret  
  92  8:26  Engineering Bay  
  92  8:27  SCV, Armory  
  93  8:28  Marine x2  
  96  8:37  Marauder  
  96  8:38  Marauder, Marine x2  
  102  8:44  Siege Tank  
  102  8:46  Marine x2  
  107  8:55  SCV, Command Center  
  107  8:56  SCV, Marine x2  
  107  8:58  Marauder  
  107  8:59  Marauder  
  115  9:04  Marine x2  
  115  9:05  Combat Shield  
  115  9:07  Concussive Shells  
  117  9:11  Terran Infantry Armor Level 1  
  117  9:13  Starport Reactor  
  117  9:15  Barracks Reactor  
  117  9:21  Supply Depot  
  117  9:22  Supply Depot  
  117  9:25  Supply Depot  
  117  9:42  SCV x2, Marine x2  
  117  9:43  Marauder x2, Marine x2  
  117  9:44  SCV, Siege Tank  
  117  9:45  Supply Depot  
  131  9:54  SCV x2  
  131  9:56  SCV  
  134  10:00  Marine x2  
  134  10:01  Marine x2  
  134  10:04  Marauder  
  134  10:05  Terran Vehicle Weapons Level 1  
  134  10:06  Marauder  
  134  10:07  SCV x2  
  144  10:08  SCV  
  144  10:11  Supply Depot x2  
  144  10:12  Supply Depot  
  144  10:13  Supply Depot  
  145  10:14  Supply Depot  
  145  10:15  Refinery, Supply Depot  
  145  10:16  Refinery, Siege Tank  
  145  10:17  Planetary Fortress  
  145  10:19  SCV  
  145  10:20  Missile Turret  
  149  10:24  SCV  
  149  10:25  Marauder  
  149  10:26  SCV  
  149  10:28  Marauder  
  155  10:31  SCV  
  156  10:35  Marine  
  156  10:36  Marine x5  
  156  10:37  SCV  
  163  10:43  Missile Turret  
  163  10:47  Marauder  
  165  10:56  SCV x2  
  165  10:57  SCV x2  
  169  11:05  Missile Turret  
  169  11:08  SCV  
  169  11:09  SCV x3, Sensor Tower  
  173  11:20  SCV  
  174  11:27  Missile Turret  
  174  11:28  SCV  
  174  11:29  SCV x2  
  177  11:33  SCV  
  177  11:35  Terran Infantry Armor Level 2, Terran Infantry Weapons Level 2, Sensor Tower  
  177  11:39  Armory  
  178  11:40  SCV  
  178  11:41  SCV, Medivac x2  
  178  11:42  Command Center  
  186  11:47  Marauder x2, Marine x4  
  186  11:49  Missile Turret  
  186  11:51  Siege Tank  
  195  11:59  Terran Vehicle And Ship Armor Level 1  
  195  12:04  Sensor Tower  
  197  12:08  Marauder  
  197  12:09  Marauder  
  199  12:24  Refinery  
  199  12:25  Refinery  
  200  12:30  Marauder  
  125  13:48  Marauder x2, Marine x2  
  100  13:49  Marine x4  
  100  13:50  Siege Tank  
  86  13:57  Planetary Fortress  
  86  14:06  Marine x6  
  86  14:09  Marauder  
  96  14:10  Marauder  
  96  14:12  Refinery  
  96  14:14  Refinery  
  96  14:22  Siege Tank  
  96  14:24  Marine x2  
  98  14:30  Marauder  
  101  14:31  Marauder  
  98  14:38  Marine  
  98  14:39  Marine x3  
  98  14:41  Marine  
  98  14:42  Marine  
  100  14:52  Marauder x2, Medivac x2  
  102  14:54  Siege Tank  
  102  14:56  Marine x3  
  102  14:57  Marine  
  102  14:59  Marine  
  110  15:00  SCV, Marine  
  110  15:01  SCV x3  
  115  15:09  Barracks x2  
  115  15:10  Barracks x3  
  115  15:13  Barracks, Marauder  
  115  15:14  Marauder, Marine x4  
  119  15:17  Marine  
  119  15:18  Marine  
  122  15:22  Medivac x2  
  122  15:26  Siege Tank  
  129  15:32  Marine x4  
  129  15:35  Marauder x2  
Show
View Real Time Build Order
Export as new Build Order

qqq Protoss 

Build Orders: 1 Gate Expand, Phoenix Opening, Carriers 

Get SALT Encoding   

  12  0:01  Probe  
  13  0:21  Probe  
  14  0:22  Pylon  
  14  0:33  Probe  
  15  0:42  Gateway  
  15  0:47  Probe  
  16  0:59  Probe  
  17  1:11  Probe  
  18  1:26  Probe  
  18  1:29  Nexus  
  19  1:36  Cybernetics Core  
  19  1:38  Probe  
  20  1:42  Assimilator  
  20  2:06  Probe  
  21  2:13  Assimilator  
  21  2:18  Probe  
  22  2:30  Probe  
  23  2:42  Probe  
  24  2:45  Probe  
  24  2:50  Stalker  
  27  2:54  Probe  
  27  2:55  Pylon  
  27  2:57  Probe  
  27  2:58  Pylon  
  29  3:07  Probe (Chrono Boost)  
  29  3:09  Probe (Chrono Boost)  
  31  3:15  Stargate  
  31  3:19  Probe (Chrono Boost)  
  32  3:21  Probe (Chrono Boost)  
  32  3:22  Assimilator  
  32  3:25  Assimilator  
  34  3:27  Probe (Chrono Boost)  
  34  3:28  Probe (Chrono Boost)  
  34  3:33  Probe  
  35  3:35  Probe  
  37  3:44  Stargate  
  37  3:45  Probe  
  37  3:47  Probe  
  39  3:57  Probe  
  39  3:59  Probe, Phoenix (Chrono Boost)  
  43  4:09  Probe  
  44  4:11  Probe  
  45  4:21  Probe  
  45  4:24  Probe  
  46  4:29  Phoenix x2  
  50  4:33  Probe  
  50  4:36  Probe  
  52  4:42  Protoss Air Weapons Level 1  
  52  4:48  Fleet Beacon  
  52  4:54  Phoenix  
  54  5:15  Nexus  
  54  5:18  Pylon  
  54  5:21  Pylon  
  54  5:22  Pylon  
  54  5:23  Pylon  
  54  5:27  Phoenix  
  54  5:28  Pylon  
  54  5:30  Phoenix  
  54  5:38  Anion Pulse-Crystals  
  54  5:52  Tempest (Chrono Boost)  
  54  5:54  Tempest (Chrono Boost)  
  64  6:20  Probe  
  65  6:27  Carrier (Chrono Boost)  
  65  6:32  Probe  
  72  6:33  Carrier  
  78  6:44  Probe  
  79  6:56  Probe  
  80  7:08  Probe  
  72  7:29  Carrier  
  67  7:35  Probe  
  67  7:36  Carrier  
  68  7:39  Assimilator  
  68  7:43  Assimilator  
  74  7:47  Probe  
  75  8:00  Probe  
  76  8:12  Probe  
  77  8:15  Forge  
  77  8:18  Stargate  
  77  8:23  Carrier  
  77  8:24  Probe  
  78  8:29  Nexus  
  78  8:31  Carrier  
  84  8:36  Probe (Chrono Boost)  
  91  8:45  Probe (Chrono Boost)  
  92  8:50  Probe (Chrono Boost)  
  92  8:51  Pylon  
  92  8:52  Nexus  
  92  8:54  Pylon x2  
  93  8:55  Pylon  
  93  8:56  Protoss Air Armor Level 1  
  93  8:59  Pylon  
  93  9:01  Pylon  
  93  9:02  Probe  
  94  9:09  Tempest  
  99  9:14  Probe  
  100  9:17  Photon Cannon  
  100  9:20  Photon Cannon  
  100  9:24  Photon Cannon  
  100  9:27  Tempest  
  100  9:28  Shield Battery  
  100  9:31  Photon Cannon  
  105  9:32  Photon Cannon  
  105  9:34  Photon Cannon  
  105  9:35  Photon Cannon  
  105  9:36  Carrier  
  111  9:46  Probe x2  
  111  9:52  Tempest  
  118  9:58  Probe x2, Twilight Council  
  120  10:07  Robotics Facility  
  120  10:10  Tempest  
  120  10:11  Probe (Chrono Boost)  
  120  10:12  Gateway  
  127  10:15  Probe (Chrono Boost)  
  129  10:21  Probe (Chrono Boost)  
  129  10:22  Probe (Chrono Boost)  
  129  10:23  Mothership (Chrono Boost)  
  129  10:26  Probe (Chrono Boost)  
  139  10:30  Probe (Chrono Boost), Void Ray  
  139  10:35  Probe (Chrono Boost)  
  140  10:39  Probe (Chrono Boost)  
  140  10:41  Probe (Chrono Boost)  
  146  10:42  Photon Cannon  
  146  10:45  Photon Cannon  
  146  10:49  Probe  
  146  10:53  Probe  
  126  11:05  Probe  
  126  11:08  Protoss Air Weapons Level 2  
  116  11:14  Probe  
  111  11:25  Probe x2  
  113  11:26  Probe, Carrier x3 (Chrono Boost)  
  132  11:35  Observer  
  132  11:37  Probe x2  
  132  11:39  Charge  
  136  11:41  Zealot  
  136  11:46  Assimilator  
  138  11:49  Probe x2  
  138  11:52  Assimilator  
  139  12:01  Probe x2  
  139  12:06  Photon Cannon  
  139  12:08  Photon Cannon, Zealot  
  143  12:13  Probe  
  143  12:14  Photon Cannon  
  144  12:23  Gateway, Carrier  
  144  12:28  Gateway  
  150  12:35  Zealot  
  144  13:02  Zealot  
  125  13:24  Tempest x2  
  135  13:27  Carrier  
  135  13:29  Zealot  
  97  13:53  Zealot x2  
  97  13:54  Protoss Ground Weapons Level 1 (Chrono Boost)  
  101  13:56  Zealot  
  103  14:08  Carrier x2  
  115  14:20  Zealot x2  
  115  14:23  Zealot  
  121  14:26  Nexus  
  121  14:27  Pylon  
  121  14:31  Pylon  
  115  14:32  Carrier  
  115  14:34  Pylon  
  115  14:37  Pylon  
  120  14:39  Pylon  
  109  14:47  Zealot x2  
  109  14:50  Zealot  
  96  15:04  Stargate  
  93  15:14  Zealot x2  
  93  15:17  Dark Shrine, Stalker  
  94  15:24  Gateway  
  94  15:29  Gateway  
  94  15:31  Photon Cannon  
  94  15:32  Photon Cannon  
  94  15:33  Photon Cannon  
  90  15:35  Gateway, Photon Cannon  
Tags
 
Add a new tag
Caveats
  • Supply blocks, unpowered buildings, or Contaminate may cause inaccurate times.
  • Supply counts are checked every 10 seconds.